 Dungeon Crawl Stone Soup version 0.30-b1-2-g02819fbbbe (webtiles) character file.

Game seed: 17140798064539688346

19663 raph the Severer (level 12, 0/106 HPs)
             Began as a Hill Orc Berserker on May 7, 2023.
             Was a High Priest of Trog.
             Slain by a black mamba (9 damage)
             ... on level 3 of the Lair of Beasts.
             The game lasted 00:18:21 (13604 turns).

raph the Severer (Hill Orc Berserker)              Turns: 13604, Time: 00:18:21

Health: 0/106      AC: 20    Str: 27    XL:     12   Next: 71%
Magic:  12/12      EV: 13    Int:  7    God:    Trog [*****.]
Gold:   197        SH:  0    Dex: 20    Spells: 11/11 levels left

rFire   . . .        a - +3 battleaxe
rCold   . . .        (shield currently unavailable)
rNeg    . . .        o - +0 chain mail
rPois   .            g - +2 helmet
rElec   .            m - +1 cloak
rCorr   .            v - +2 pair of gloves {hurl}
SInv    .            (no boots)
Will    ++...        x - amulet of regeneration Stlth
                     q - +6 ring of dexterity
HPRegen 2.17/turn    G - +6 ring of strength
MPRegen 0.13/turn

%: no passive effects
@: confused, lethally poisoned (0 -> -1), ambrosia-drunk, strong-willed, on
berserk cooldown, regenerating, slowed, very slow
A: no striking features
a: Renounce Religion, Berserk, Trog's Hand, Brothers in Arms


You were on level 3 of the Lair of Beasts.
You worshipped Trog.
Trog was extremely pleased with you.
You visited 2 branches of the dungeon, and saw 12 of its levels.

You collected 589 gold pieces.
You spent 392 gold pieces at shops.

Inventory:

Hand Weapons
 a - a +3 battleaxe (weapon)
 b - a +1 heavy dire flail
 B - a +1 heavy hand axe
 E - a +2 war axe
 F - a +2 spectral war axe
Missiles
 i - 9 javelins
 l - 8 poisoned darts
 n - 3 boomerangs (quivered)
 w - 2 silver boomerangs
Armour
 f - a +0 ring mail
 g - a +2 helmet (worn)
 m - a +1 cloak (worn)
 o - a +0 chain mail (worn)
 v - a +2 pair of gloves of hurling (worn)
Jewellery
 k - a ring of poison resistance
 q - a +6 ring of dexterity (left hand)
 x - an amulet of regeneration (around neck)
 y - a ring of willpower
 G - a +6 ring of strength (right hand)
 H - a ring of poison resistance
 K - a ring of willpower
 L - a ring of flight
 N - an amulet of reflection
Wands
 p - a wand of flame (46)
 s - a wand of roots (10)
 J - a wand of paralysis (7)
 M - a wand of digging (2)
Scrolls
 c - 4 scrolls of magic mapping
 h - 2 scrolls of fog
 t - a scroll of fear
 u - 2 scrolls of identify
 D - 8 scrolls of teleportation
Potions
 d - 5 potions of lignification
 e - 5 potions of attraction
 j - a potion of resistance
 r - 4 potions of might
 z - a potion of cancellation
 A - a potion of berserk rage
 I - 4 potions of curing


   Skills:
 - Level 9.7 Fighting
 + Level 18.6 Axes
 - Level 6.7 Throwing
 - Level 8.4 Armour
 - Level 6.5 Dodging


You had 11 spell levels left.
You didn't know any spells.
Your spell library was empty.

Dungeon Overview and Level Annotations

Branches:
Dungeon (9/15)             Temple (0/1) D:6            Lair (3/5) D:9
 Shoals (0/4) Lair:3       Spider (0/4) Lair:2
    Orc: D:9-12

Altars:
Nemelex Xobeh

Shops:
D:1 [   D:2 ?   D:8 *

Annotations:
D:8 4 transporters


Message History

A black mamba comes into view.
A black mamba is nearby!
The black mamba hisses angrily.
The black mamba bites you!
* * * LOW HITPOINT WARNING * * *
The black mamba closely misses you. The black mamba barely misses you.
You closely miss the black mamba. You slash the plant!
The plant begins to die.
The black mamba bites you!
* * * LOW HITPOINT WARNING * * *
You are poisoned.
The black mamba poisons you! The black mamba bites you!
* * * LOW HITPOINT WARNING * * *
You are lethally poisoned!
The black mamba poisons you!
Your skin crawls.
You feel strong-willed.
* * * LOW HITPOINT WARNING * * *
You feel extremely sick.
The merfolk siren shouts!
The black mamba closely misses you. The black mamba completely misses you.
The merfolk siren chants a haunting song.
You resist with almost no effort. The black mamba misses you.
The merfolk siren chants a haunting song.
You resist with almost no effort.
You feel better.
A nearby plant withers and dies.
The black mamba closely misses you. The black mamba bites you.
* * * LOW HITPOINT WARNING * * *
The black mamba closely misses you.
You are confused.
You feel invigorated. The black mamba bites you!
* * * LOW HITPOINT WARNING * * *
You are poisoned.
The black mamba poisons you!
The merfolk siren chants a haunting song.
You resist with almost no effort. The black mamba closely misses you.
You bump into the rock wall.
You feel very sick. The black mamba bites you!
You die...

.~.....#### #..........##
.~~~~~....# ###.........'.
~~~≈≈~~~.## #.'...........
~~~≈≈≈≈~.# ##.#.P.†m........
≈~.~~≈≈~~##...............#
~≈.<~)≈~.....#.##.........#
≈≈~..≈≈~...# #..†......#
≈~~~≈≈~~...# ##.........#
≈≈~≈≈≈~....# #@S........#
~~≈≈≈~...#.# ##.##..P'###
.~.~~~.#..## ####P...#~##
...+#.###### ##.~~.~~.~~~#
#..........## #.♣~≈~.~♣~~.#
##.........P# ##.^..≈.♣~..~..
#.........## #...~♣.♣.≈.~~~#
#...........####...~♣.≈~..~.#
.#.........'......~♣.≈~≈~~...


You could see a merfolk siren and a black mamba.

Vanquished Creatures
  Pikel (D:6)
  An ugly thing (D:7)
  6 elephants
  A black mamba (Lair:3)
  A gargoyle (D:7)
  4 cane toads
  A komodo dragon (Lair:3)
  A kobold demonologist (D:7)
  A rime drake (Lair:3)
  A merfolk (Lair:3)
  3 polar bears
  A troll (D:9)
  Grinder (D:5)
  Prince Ribbit (D:7)
  Sigmund (D:5)
  5 slime creatures (D:8)
  2 wyverns
  A wraith (D:7)
  Eustachio (D:5)
  22 yaks
  A basilisk (Lair:3)
  2 steam dragons
  Menkaure (D:5)
  Edmund (D:6)
  8 water moccasins
  2 ice beasts (D:6)
  A sky beast (D:6)
  6 black bears
  An orc warrior (D:7)
  7 ogres
  15 wolves
  4 lemures (D:6)
  3 centaurs
  2 phantoms
  Blork the orc (D:6)
  A kobold brigand (D:7)
  14 bullfrogs
  A gnoll sergeant (D:7)
  7 scorpions
  8 wights
  6 killer bees (D:9)
  3 electric eels
  A howler monkey (D:7)
  A jelly (D:5)
  2 hounds
  6 orc priests
  2 gnoll boudas (D:7)
  2 sleepcaps
  Jessica (D:2)
  3 iguanas
  11 orc wizards
  17 gnolls
  10 adders
  A shadow imp (D:7)
  A white imp (D:8)
  3 ufetubi
  2 worms
  3 dart slugs
  37 orcs
  8 endoplasms
  7 giant cockroaches
  6 goblins
  7 hobgoblins
  7 jackals (D:1)
  5 quokkas
  4 ball pythons
  6 bats
  A frilled lizard (D:1)
  5 kobolds
  3 rats
313 creatures vanquished.

Vanquished Creatures (others)
  35 fungi
  50 plants
85 creatures vanquished.

Grand Total: 398 creatures vanquished

Notes
Turn   | Place    | Note
-------+----------+-------------------------------------------
     0 | D:1      | raph the Hill Orc Berserker began the quest for the Orb.
     0 | D:1      | Reached XP level 1. HP: 19/19 MP: 1/1
    93 | D:1      | Reached XP level 2. HP: 4/26 MP: 2/2
   332 | D:1      | Found Cugagity's Armour Emporium.
   353 | D:1      | Reached skill level 5 in Axes
   365 | D:1      | Reached XP level 3. HP: 31/31 MP: 3/3
   488 | D:1      | Reached ** piety under Trog
   806 | D:2      | Found Dexuut's Magic Scroll Boutique.
   862 | D:2      | Bought a scroll of identify for 28 gold pieces
   949 | D:2      | Reached skill level 6 in Axes
  1042 | D:2      | Bought a scroll of enchant armour for 105 gold pieces
  1122 | D:2      | Noticed Jessica
  1133 | D:2      | Killed Jessica
  1134 | D:2      | Reached XP level 4. HP: 39/39 MP: 4/4
  1455 | D:3      | Reached skill level 7 in Axes
  1470 | D:3      | Reached XP level 5. HP: 31/45 MP: 5/5
  1625 | D:3      | Reached skill level 8 in Axes
  1850 | D:3      | Reached XP level 6. HP: 39/51 MP: 6/6
  2263 | D:4      | Reached skill level 9 in Axes
  2263 | D:4      | HP: 1/51 [gnoll/+0 flail (6)]
  2722 | D:4      | Reached skill level 10 in Axes
  2722 | D:4      | Reached XP level 7. HP: 57/57 MP: 7/7
  3098 | D:4      | Reached skill level 11 in Axes
  3558 | D:5      | Entered Level 5 of the Dungeon
  3601 | D:5      | Noticed Sigmund
  3610 | D:5      | Killed Sigmund
  3611 | D:5      | Reached skill level 12 in Axes
  3611 | D:5      | Reached XP level 8. HP: 64/64 MP: 8/8
  3828 | D:5      | Noticed Grinder
  3836 | D:5      | Killed Grinder
  3837 | D:5      | Reached skill level 13 in Axes
  3958 | D:5      | Noticed Eustachio
  3961 | D:5      | Killed Eustachio
  4185 | D:5      | Noticed Menkaure
  4192 | D:5      | Killed Menkaure
  4193 | D:5      | Reached skill level 14 in Axes
  4303 | D:5      | Reached skill level 1 in Throwing
  4454 | D:5      | Reached *** piety under Trog
  4490 | D:5      | Reached XP level 9. HP: 71/71 MP: 9/9
  5119 | D:6      | Reached skill level 5 in Fighting
  5143 | D:6      | Noticed Edmund
  5153 | D:6      | Killed Edmund
  5476 | D:6      | Noticed Pikel
  5489 | D:6      | Killed Pikel
  5495 | D:6      | Noticed Blork the orc
  5508 | D:6      | Killed Blork the orc
  5519 | D:6      | Reached skill level 5 in Armour
  5983 | D:6      | Reached XP level 10. HP: 84/84 MP: 10/10
  6115 | D:6      | Found a staircase to the Ecumenical Temple.
  6271 | D:7      | Noticed Prince Ribbit
  6294 | D:7      | Killed Prince Ribbit
  7006 | D:7      | Found a sparkling altar of Nemelex Xobeh.
  7610 | D:7      | Noticed a brown ugly thing
  7624 | D:7      | Killed a brown ugly thing
  7660 | D:7      | Reached skill level 5 in Throwing
  7660 | D:7      | Reached skill level 5 in Dodging
  7660 | D:7      | Noticed a kobold demonologist
  7660 | D:7      | Noticed a gargoyle
  7698 | D:7      | Killed a kobold demonologist
  7708 | D:7      | Killed a gargoyle
  7957 | D:7      | Reached **** piety under Trog
  8097 | D:7      | Identified the +2 falchion "Intaestri" {freeze, *Corrode
                  | Will+ Stlth+}
  8326 | D:8      | Found a transporter.
  8494 | D:2      | Bought a scroll of brand weapon for 133 gold pieces
  8494 | D:2      | Bought 3 scrolls of teleportation for 126 gold pieces
  8580 | D:8      | Found Wuyseo's Demolitions Depot.
  8658 | D:8      | Reached XP level 11. HP: 95/95 MP: 11/11
  9688 | D:8      | Found a transporter.
  9706 | D:8      | Found a transporter.
  9766 | D:8      | Found a transporter.
  9988 | D:9      | Found a staircase to the Lair.
 10871 | Lair:1   | Entered Level 1 of the Lair of Beasts
 11477 | Lair:1   | Reached ***** piety under Trog
 11861 | Lair:2   | Reached skill level 15 in Axes
 12123 | Lair:2   | Found a hole to the Spider Nest.
 12138 | Lair:2   | Reached XP level 12. HP: 106/106 MP: 12/12
 12715 | Lair:3   | Reached skill level 16 in Axes
 13089 | Lair:3   | Reached skill level 17 in Axes
 13198 | Lair:3   | Found a staircase to the Shoals.
 13211 | Lair:3   | HP: 3/106 [merfolk/+0 trident (15)]
 13234 | Lair:2   | HP: 2/106 [elephant (12)]
 13567 | Lair:3   | Reached skill level 18 in Axes
 13601 | Lair:3   | HP: 1/106 [poisoned by a black mamba]
 13604 | Lair:3   | Slain by a black mamba

Illustrated notes

Levels and vault maps discovered:
D:1:      eino_arrival_water_cross, layout_rooms, serial_shops,
          nicolae_shop_stone, glass_columns_b, kennysheep_doodads
D:2:      layout_rooms, serial_shops, shop, minmay_misc_feat_pillars,
          uniq_jessica
D:3:      cheibrodos_pilgrimage, layout_basic
D:4:      layout_gridville
D:5:      layout_basic, uniq_eustachio, uniq_menkaure, uniq_grinder,
          uniq_sigmund
D:6:      layout_loops_cross, minmay_temple_entry_nine_rooms, uniq_pikel,
          uniq_edmund, uniq_blork_the_orc
D:7:      minmay_the_grid_square_5x5_3x3
          [minmay_the_grid_square_5x5_half_checkered,
          minmay_the_grid_square_5x5_hourglass,
          minmay_the_grid_square_5x5_n_small, minmay_the_grid_square_5x5_bite,
          minmay_the_grid_square_5x5_megaprize_checkered,
          minmay_the_grid_square_5x5_pentomino_r,
          minmay_the_grid_square_5x5_almost_minimal,
          minmay_the_grid_square_5x5_sharp_hourglass,
          minmay_the_grid_square_5x5_inner_z], layout_loops_ring,
          nicolae_overflow_crystal_walls, uniq_prince_ribbit1
D:8:      layout_loops_ring, minivault_4, chequers_serial_rivers_small_3,
          nicolae_blasting_shop, nicolae_transporter_intersection
D:9:      layout_basic, due_lair_maze_entry_diamond
Lair:1:   layout_regular_city
Lair:2:   layout_cave_pods, dummy_spider_entry, chequers_serial_rivers_small_b
Lair:3:   layout_roguey, elwin_shoals_entry_stream,
          chequers_serial_rivers_marsh, serial_bayou_lagoon_b,
          infiniplex_staircase_pool_2

Skill      XL: |  1  2  3  4  5  6  7  8  9 10 11 12 |
---------------+-------------------------------------+-----
Axes           | 5 6 7 8 10 12 14 15 18 | 18.6
Fighting       | 4 6 8 9 |  9.7
Throwing       | 1 3 5 6 |  6.7
Dodging        | 2 4 5 6 |  6.5
Armour         | 3 5 7 8 |  8.4

Action                     |  1- 3 |  4- 6 |  7- 9 | 10-12 || total
---------------------------+-------+-------+-------+-------++-------
  Melee: Hand axe          |   101 |    82 |   190 |   143 ||   516
         Punch             |     1 |       |     2 |     4 ||     7
         War axe           |       |       |       |   125 ||   125
         Battleaxe         |       |       |       |   208 ||   208
  Throw: Javelin           |       |     2 |       |       ||     2
         Boomerang         |       |       |     4 |    40 ||    44
 Invoke: Berserk           |     3 |     7 |    10 |    10 ||    30
         Trog's Hand       |       |       |       |     2 ||     2
  Evoke: Wand              |       |       |       |     3 ||     3
    Use: Scroll            |     6 |     6 |     5 |    14 ||    31
         Potion            |       |     1 |       |     2 ||     3
   Stab: Distracted        |       |       |       |     3 ||     3
 Armour: Animal skin       |     5 |       |       |       ||     5
         Ring mail         |    35 |    15 |       |       ||    50
         Chain mail        |       |    17 |   105 |   268 ||   390
  Dodge: Dodged            |    71 |    54 |    78 |   305 ||   508
